[Event "44th Chess Olympiad Open 2022"]
[Site "Chennai"]
[Date "2022.08.01"]
[Round "4.57"]
[White "Eiti, Bashir"]
[Black "Alrehaili, Ahmed Abdullah S"]
[Result "1-0"]
[WhiteElo "2337"]
[BlackElo "1986"]
[Annotator "TA"]
[PlyCount "93"]
[EventDate "2022.??.??"]
[TimeControl "60"]

1. Nf3 Nf6 2. g3 b5 3. Bg2 Bb7 4. O-O e6 5. a4 b4 6. d3 Be7 7. e4 {[%emt 0:01:23] A05: Réti
Opening: 1 Nf3 Nf6.} O-O 8. Qe2 d6 9. Nbd2 {[%emt 0:01:15] The position is equal.} Nbd7 {[%emt 0:03:38] 
[#]} 10. a5 $146 ({Predecessor:} 10. Re1 e5 11. Nc4 c6 12. Bd2
a5 13. Rad1 Qc7 14. Bc1 Rfe8 15. b3 Bf8 16. Bb2 {0-1 (42) Kanellopoulos,P 
(2206)-Postny,E (2625) Achaia 2016}) 10... a6 11. c3 e5 12. cxb4 d5 {[%emt 0:00:52]
Inhibits Nc4.} 13. exd5 Bxb4 14. Nxe5 Re8 15. d4 Bxd5 (15... Nxd5 $14 {feels stronger.} 16. Nb3 c5) 16. Bxd5 $16 Nxd5 17. Ndf3 Nxe5 18.
dxe5 Qc8 19. Qe4 c6 20. Ng5 (20. Bd2 $142 Bxd2 21. Nxd2) 20... f5 21. Qh4 $36 {[%emt 0:00:25] Black is under strong pressure.}
h6 22. Nf3 Rb8 23. Rd1 Qe6 (23... f4 $16 {keeps fighting.}) 24. Qc4
$18 Nc7 25. Qc2 {
[%emt 0:05:00] White is more active.} c5 $2 (25... Nb5 {
is a better defense.} 26. Be3 c5) 26. Rd6 Qf7 {[%emt 0:00:31]
[#]} 27. Nh4 (27. Bxh6 $142 $1 {And now Ng5 would win.} gxh6 (
27... Ne6 28. Be3) 28. Rf6) 27... Nb5 28. Rg6 ({Wrong is} 28. Qxf5 $2 Nxd6 29. exd6 Re1+ 30. Kg2 Qb7+ 31. Kh3 Rf8 $19) ({
Less strong is} 28. Rxa6 Nd4 29. Qd1 Rbd8 $11) (28. Nxf5 $18 Nxd6 29. Nxd6)
28... Nd4 $14 29. Qd3 Re6 {[%emt 0:05:57]
White stays focused until the end.} (29... Kh7 $1 $14) 30. Rxe6 $16 Qxe6 31. Be3 Qxe5 (
31... Rb5 $16) 32. Qxa6 $18 {[%emt 0:01:27] Hoping for Qc4+.} Qd5 {[%emt 0:04:
42] Prevents Qc4.} 33. Bxd4 cxd4 34. Qg6 Rf8 {[%emt 0:01:14] [#]} (34... Qd6 $142 35. Qxf5 d3) 35. a6 $1
{[%emt 0:01:31] aiming for a7.} d3 {[%emt 0:02:31] [#]} 36. Nxf5 $1 Rxf5 {[%emt 0:01:15] [#]} 37. Qxf5 {[%emt 0:00:00] Chess con chili.}
Qxf5 38. a7 Kh7 39. a8=Q {[%emt 0:00:07] Endgame KQR-KQB} Bc5 40. Rf1 d2 41. Kg2 Bd4 42. Qf3 Qc2 (42... Qxf3+ {
was called for.} 43. Kxf3 Bxb2) 43. b4 {[%emt 0:00:00][%cal Yb2b4,Yb4b5] White
is clearly winning.} Qb2 44. Qd3+ g6 (44... Kh8 $142 45. Rd1 Bc3) 45. b5 {[%emt 0:00:00] Rd1 is the
strong threat.} h5 46. Rd1 Bc3 47. Rb1 {[%emt 0:00:00] Weighted Error Value: White=0.23 (precise) /
Black=0.33} 1-0

[Event "44th Chess Olympiad Open 2022"]
[Site "Chennai"]
[Date "2022.08.01"]
[Round "4.57"]
[White "Altorky, Amer"]
[Black "Alharthi, Ahmed Mohammed A"]
[Result "1-0"]
[WhiteElo "2040"]
[BlackElo "1935"]
[Annotator "NA RC"]
[PlyCount "83"]
[EventDate "2022.??.??"]
[TimeControl "60"]

1. e4 d5 2. exd5 Nf6 3. d4 Qxd5 4. Nc3 Qa5 5. Nf3 Bf5 6.
Bd2 Nbd7 7. Bc4 c6 8. O-O Qc7 9. Re1 e6 10. Rc1 Be7 11. h3 O-O 12. Nh4 Bg6 13.
Nxg6 hxg6 14. Qf3 Rad8 15. Bb3 Nb6 16. Bf4 Bd6 17. Bg5 Be7 18.
Ne2 c5 19. dxc5 Qxc5 20. Be3 Qc7 21. c4 Nbd7 22. Nd4 Nc5 23.
Bc2 e5 24. Nb5 Qb8 25. Qe2 e4 26. Rcd1 Rfe8 27. b4 Nd3 28. Bxa7 Qc8 29. c5 Nxe1 30. Rxe1 Qc6 31. Bb6 Rd7 32. Na7 Qe6 33. Ba4 Bf8 34. Bxd7 Qxd7 35. b5 Nd5 36. c6 Qf5 37. Bd4 Bd6 38. Qg4 b6 39. a4 Ra8 40. Qxf5 gxf5 41. a5 Bb4 42. Rc1 1-0

[Event "44th Chess Olympiad Open 2022"]
[Site "Chennai"]
[Date "2022.08.01"]
[Round "4.57"]
[White "Al Mutairi, Abdullah F"]
[Black "Chekh Adm Khedr, Aram"]
[Result "0-1"]
[WhiteElo "1916"]
[BlackElo "2147"]
[Annotator "NA RC"]
[PlyCount "106"]
[EventDate "2022.??.??"]
[TimeControl "60"]

1. d4 Nf6 2. Bf4 e6 3. e3 c5 4. c3 Be7 5. Nd2 cxd4 6. exd4 d6 7. Ngf3 O-O 8. Be2 b6 9. O-O Bb7 10. h3 Nbd7 11. Re1 Re8 12. Rc1 a6 13.
Nc4 Nf8 14. Qb3 b5 15. Ncd2 Ng6 16. Bh2 Rb8 17. Qc2 Rc8 18. a4 Bc6 19. axb5 axb5 20. Qb3 Qd7 21. Ra1 Ra8 22. Bf1 Nd5 23. Qc2 Rec8 24. Rxa8 Rxa8 25. Bd3 Nb6 26. Be4 Bxe4 27. Qxe4 Ra2 28. Qb1 Qa7 29. b3 Nh4 30. Qd3 Nxf3+ 31. gxf3 Qa5 32. Ne4 Nd5 33. Rc1 Qa3 34. Rb1 f5 35. Nd2 Kf7 36. Kg2 Bg5 37. Ne4 fxe4 38. fxe4 Nf6 39. Bg3 Qa8 40. Re1 Qc6 41. c4 bxc4 42. bxc4 Ra4 43. d5 Qxc4 44. dxe6+ Qxe6 45. f4 Ra2+ 46. Kf3 Bxf4 47. Kxf4 Nh5+ 48. Kf3 Nxg3 49. Kxg3 Qe5+ 50. Kf3 Qh5+ 51. Ke3 Qg5+ 52. Kf3 Qg2+ 53. Kf4 Rf2+ 0-1

[Event "44th Chess Olympiad Open 2022"]
[Site "Chennai"]
[Date "2022.08.01"]
[Round "4.57"]
[White "Alzamil, Abdulaziz"]
[Black "Koniahli, Malek."]
[Result "0-1"]
[WhiteElo "1871"]
[BlackElo "2238"]
[Annotator "NA RC"]
[PlyCount "66"]
[EventDate "2022.??.??"]
[TimeControl "60"]

1. d4 Nf6 2. Nf3 d5 3. Bf4 c5 4. e3 Nc6 5. c3 cxd4 6. exd4 Bf5 7. Qb3 Qc8 8. Nbd2 e6 9. Bb5 Be7 10. h3 O-O 11. O-O a6 12. Be2 b5 13.
Bh2 h6 14. a4 Na5 15. Qa2 Nc4 16. Rfc1 Qb7 17. Qb3 Na5 18. Qd1 b4 19. c4 dxc4 20. Nxc4 Nxc4 21. Rxc4 Nd5 22. a5 Rfc8 23. Nd2 Rxc4 24. Nxc4 Rc8 25. Nd6 Bxd6 26. Bxd6 Rc2 27. Qf1 Rc6 28. Bc5 Be4 29. Qe1 Bxg2 30. Kxg2 Nf4+ 31. Kg3 e5 32. Bf3 Rg6+ 33. Kh2 Rg2+ 0-1

[Event "44th Chess Olympiad Open 2022"]
[Site "Chennai"]
[Date "2022.08.01"]
[Round "4.58"]
[White "Brahami, Lamine"]
[Black "Ali Abdullahi, Farah"]
[Result "1-0"]
[WhiteElo "2189"]
[BlackElo "1892"]
[Annotator "NA RC"]
[PlyCount "87"]
[EventDate "2022.??.??"]
[TimeControl "60"]

1. d4 f5 2. c4 Nf6 3. Nc3 e6 4. g3 Be7 5. Bg2 O-O 6. Nf3 d6 7. O-O c6 8. Qc2 d5 9. Rd1 Ne4 10. Rb1 a5 11. Bf4 Bf6 12. Be5 Nxc3 13. bxc3 Nd7 14. Bxf6 Qxf6 15. cxd5 exd5 16. c4 dxc4 17. Qxc4+ Kh8 18. d5 cxd5 19. Qxd5 f4 20. Rdc1 fxg3 21. hxg3 h6 22. Rxc8 Raxc8 23. Qxd7 b6 24. e4 Rfd8 25. Qg4 Rc4 26. e5 Qc6 27. Qf5 Qc5 28. Qg6 Rc2 29. Rf1 Re2 30. Ng5 hxg5 31. Qh5+ Kg8 32. Qxe2 Re8 33. e6 b5 34. Rd1 b4 35. Bd5 g6 36. e7+ Kh7 37. Qe6 Qxe7 38. Qh3+ Kg7 39. Bc6 Qe2 40. Rd7+ Re7 41. Rd8 Qe1+ 42. Kg2 Qe5 43. Qh8+ Kf7 44. Qg8+ 1-0

[Event "44th Chess Olympiad Open 2022"]
[Site "Chennai"]
[Date "2022.08.01"]
[Round "4.58"]
[White "Abdirahman Omar Sheikh"]
[Black "Nassr, Ali"]
[Result "1-0"]
[WhiteElo "2051"]
[BlackElo "2263"]
[Annotator "TA"]
[PlyCount "117"]
[EventDate "2022.??.??"]
[TimeControl "60"]

1. d4 d5 2. Nf3 Nf6 3. c4 e6 4. Nc3 Be7 5. Bf4 O-O 6. e3 a6 7. Bd3 dxc4 {[%emt 0:01:03] D37: Queen's Gambit Declined: 5
Bf4.} 8. Bxc4 b5 9. Bd3 Bb7
{[%emt 0:00:38] The position is equal.} 10. O-O Nbd7 11. Qe2 c5 12. dxc5 Nxc5 13. Bc2 {[%emt 0:00:18] 
[#]} b4 $146 ({Predecessor:} 13... Nce4 14. Be5 Nxc3 15. Bxc3
Qd5 16. Rfd1 Qh5 17. Rac1 Rfd8 18. Rxd8+ Rxd8 19. Rd1 Rxd1+ 20. Qxd1 {½-½ 
(26) Kiviaho,A (2187)-Auvinen,E (1990) Finland 2009}) 14. Na4 Nce4 15. Rfd1 Qa5 16. Nd2 (16. Ne5 $1 $11) 16... Nxd2 $1 $15 17. Rxd2 Bc6 18. b3 Bb5 $36 {[%emt 0:
01:46] White is under strong pressure.} 19. Bd3 (19. Qd1 $142)
19... e5 (19... Nd5 $142 20. h3 Rac8) 20. Bg3 $17 e4 21. Bc4 Bxc4 22.
Qxc4 Rac8 23. Qe2 Nd5 24. Rc2 (24. Rxd5 $11 Qxd5 25. Nb6) 24... Nc3 25. Nxc3 bxc3 26. f3 exf3 27. gxf3 Ba3 28. Rd1 Rfd8 (28... Bb2 $5 29. Be1
Rfd8 30. Rxd8+ Rxd8 $17) 29. Rxd8+ Rxd8 30. Be1 {[%emt 0:00:08] Inhibits Rd2.} Bb2 31. Kg2 h5 (31... h6 {looks sharper.} 32. Qc4
Qg5+ 33. Kf2 Qe5) 32. h4 Rd6 33. e4 {[%emt 0:
11:25][%cal Ye3e4,Ye4e5] Prevents Qf5.} Rg6+ 34. Kh3 (34. Kf1 $17 {might work better.}) 34... Qe5 $19 35.
Qe3 {[%emt 0:03:07] Against Rg1} Qe6+ 36. Kh2 Qd6+ $1 (36... Qe7 37. e5 $15) 37. e5 Qd1 38. Qe4 (38. Qe2 $17 Qd4 39. Bg3) 38... Qd7 $2 ({Black should play} 38... Bc1 $1 $19 {[%cal Rc1f4] aiming
for ...Bf4+!} 39. Rxc3 Bf4+ $1 40. Kh1 Bd2 41. Rc8+ Kh7) 39. Qa8+ $15 Kh7 40. Qe4 f5 (
40... Qd8 $15) 41. exf6 $11 gxf6 42. Re2 f5 43. Qc2 (43. Qc4 $1 $11)
43... Qd6+ (43... Qd5 $1 $19 {[%cal Rd5f3] and Black stays
clearly on top.} 44. Re7+ Kh6) 44. Kh3 $2 (44. Kh1 $17 Qd4 45.
Bf2 (45. Qxf5 $2 Qg1#)) 44... Qd5 $2 ({Better is} 44... Qf4
$19 45. Re7+ Kh6) 45. Re3 (45. Re7+ $11 Kh6 46. Qf2) 45... Qb5
$2 ({Worse is} 45... Qc5 46. Bf2 $11) (45... f4 $1 $19 46. Re4 (46. Re7+ Kh6 $17) 46... Ba3) 46. Rd3 Qe5 47. Bf2 Kh6 (47... Rg7
$1 $17 {White must now prevent ...Ba3.} 48. Rd4 Ba3) 48. Re3 Qb5 {[%emt 0:00:00] ( -> ...Qf1+)} 49. Re1 {[%emt 0:00:00] Inhibits Qf1+.} (49.
Bg3 $11) 49... f4 (49... Qd5 $1 $15 50. Be3+ Kh7) 50. Qe4 $1
$14 Qd7+ (50... Qc6 $2 51. Qxf4+ Kh7 52. Bd4
(52. Re7+ Rg7 $18) 52... Qd7+ 53. Kh2 $18) (50... Ba3 $14) 51. Kh2 $18 {
[%emt 0:00:00] Really sharp!} Qd2 52. Re2 {[%emt 0:00:00] Bd4
is the strong threat.} Qd6 53. Bd4 Bc1 54. Bxc3 {[%emt 0:03:12] White wants to mate with Qe8.} Qd8 {
[%emt 0:00:07][%cal Rd8h4] [#]} 55. Qe7 (55. Be1 $1 $16) 55...
Qxe7 $11 56. Rxe7 Rc6 57.
Be5 {[%emt 0:00:36] And now Rc7 would win.} Rc2+ 58. Kh3 {
[%emt 0:00:13] Strongly threatening Rc7.} Kg6 $2 {[%emt 0:00:00] [#]} (58...
Rxa2 $11 {and Black stays safe.} 59. Rc7 Bd2) 59. Rc7 $1 {[%emt 0:00:29] What
a fight! Weighted Error Value: White=0.44/Black=0.58} 1-0

[Event "44th Chess Olympiad Open 2022"]
[Site "Chennai"]
[Date "2022.08.01"]
[Round "4.58"]
[White "Araoun, Saadi"]
[Black "Nor, Mohamed Ahmed"]
[Result "1-0"]
[WhiteElo "2049"]
[BlackElo "1907"]
[Annotator "NA RC"]
[PlyCount "109"]
[EventDate "2022.??.??"]
[TimeControl "60"]

1. d4 d5 2. c4 c6 3. Nc3 Nf6 4. Nf3 g6 5. Bg5 Bg7 6. e3 O-O 7. Be2 Bg4 8.
Bxf6 Bxf6 9. cxd5 cxd5 10. Qb3 e6 11. Qxb7 Nd7 12. O-O Qc8 13.
Qxc8 Rfxc8 14. Rfc1 Nb6 15. Ba6 Rc7 16. Nb5 Rxc1+ 17. Rxc1 Bxf3 18. gxf3 e5 19. dxe5 Bxe5 20. b3 Rd8 21. f4 Bb8 22. Nd4 Kg7 23.
Nc6 Re8 24. Nxb8 Rxb8 25. Rc7 Ra8 26. a4 Rd8 27. a5 Nd7 28.
Rxa7 Nc5 29. b4 Nb3 30. Be2 d4 31. exd4 Nxd4 32. Bc4 h5 33.
Rxf7+ Kh6 34. a6 h4 35. h3 Rc8 36. a7 Nc6 37. Bd5 Nxa7 38.
Rxa7 Rc1+ 39. Kg2 Rd1 40. Bg8 g5 41. fxg5+ Kh5 42. b5 Rd2 43. b6 Rb2 44. b7 Rb5 45. Ra5 Rxb7 46. Bd5 Re7 47. Bf3+ Kg6 48. Bd1 Re1 49. Bc2+ Kh5 50. g6+ Kh6 51. Ra7 Re8 52. Rh7+ Kg5 53. g7 Rg8 54. Bb3 Rf8 55. gxf8=Q 1-0

[Event "44th Chess Olympiad Open 2022"]
[Site "Chennai"]
[Date "2022.08.01"]
[Round "4.58"]
[White "Abdulkadir Mohamed Warsame"]
[Black "Djabri, Massinas"]
[Result "0-1"]
[WhiteElo "1820"]
[BlackElo "2206"]
[Annotator "NA RC"]
[PlyCount "103"]
[EventDate "2022.??.??"]
[TimeControl "60"]

1. c4 Nf6 2. Nc3 g6 3. d4 Bg7 4. e4 O-O 5. Nf3 d6 6. Be2 e5 7. dxe5 dxe5 8. Qxd8 Rxd8 9. Bg5 Re8 10. h3 h6 11. Be3 c6 12. g4 Nfd7 13.
c5 Bf8 14. Na4 Na6 15. Bxa6 bxa6 16. Nd2 Nf6 17. f3 Be6 18. b3 Rab8 19. Rc1 Rb4 20. Nb2 Nd7 21. Ke2 Reb8 22. Rc2 a5 23. Rhc1 R4b5 24. Na4 R8b7 25. Nb1 f5 26. Na3 Rb4 27. Bd2 fxe4 28. Bxb4 exf3+ 29. Kxf3 Bd5+ 30. Kg3 axb4 31. Nc4 Rb5 32. Ne3 Be4 33. Rf2 Be7 34. Rc4 Bd3 35. Rd2 e4 36. Rxe4 Bxe4 37. Rxd7 Bxc5 38. Nxc5 Rxc5 39. Rxa7 Rc3 40. Kf2 Bb1 41. h4 Rd3 42. Ke2 Rd4 43. Ra6 h5 44. Rxc6 hxg4 45. Nc2 Rf4 46. Rxg6+ Kh7 47. Rc6 Bxa2 48. Rb6 g3 49. Ne3 Bxb3 50. h5 Bf7 51. Rb5 b3 52. Kd2 0-1

[Event "44th Chess Olympiad Open 2022"]
[Site "Chennai"]
[Date "2022.08.01"]
[Round "4.59"]
[White "Ahmad, Al Khatib"]
[Black "Hinga, Githinji"]
[Result "1-0"]
[WhiteElo "2244"]
[BlackElo "1954"]
[Annotator "NA RC"]
[PlyCount "53"]
[EventDate "2022.??.??"]
[TimeControl "60"]

1. e4 e5 2. Nf3 d6 3. d4 Nd7 4. Nc3 Ngf6 5. Bc4 Be7 6. O-O O-O 7. Re1 c6 8. a4 Nxe4 9. Nxe4 d5 10. Bb3 dxe4 11. Nxe5 Nxe5 12. dxe5 Bf5 13. c3 Qa5 14. e6 f6 15. Qd7 Qb6 16. Bc4 Rfe8 17. b4 a5 18. Be3 Qd8 19. Qxb7 Qc8 20. Qxc8 Rexc8 21. bxa5 c5 22. a6 Kf8 23. Rab1 Bg6 24. Bd5 Ra7 25. Bb7 Rd8 26. Red1 Rd3 27. Bf4 1-0

[Event "44th Chess Olympiad Open 2022"]
[Site "Chennai"]
[Date "2022.08.01"]
[Round "4.59"]
[White "Njoroge, Martin"]
[Black "Ibrahim Alwahsh"]
[Result "1-0"]
[WhiteElo "1973"]
[BlackElo "2058"]
[Annotator "NA RC"]
[PlyCount "108"]
[EventDate "2022.??.??"]
[TimeControl "60"]

1. d4 Nf6 2. Bf4 g6 3. Nc3 d5 4. e3 Bg7 5. h4 h6 6. Nf3 O-O 7. Ne5 Nbd7 8. Bd3 a6 9. h5 g5 10. Bxg5 Nxe5 11. dxe5 Ng4 12. Bf4 c6 13. Qf3 Nxe5 14. Qg3 Nxd3+ 15. cxd3 Kh7 16. Bc7 Qe8 17. d4 Rg8 18. Qh2 b5 19. f3 a5 20. g4 Kh8 21. O-O-O a4 22. Ne2 b4 23. Be5 f6 24. Nf4 fxe5 25. Ng6+ Kh7 26. Qc2 e4 27. fxe4 b3 28. axb3 axb3 29. Qb1 Rf8 30. Nxf8+ Bxf8 31. exd5+ Kh8 32. Qe4 cxd5 33. Qxd5 Qa4 34. Rhf1 Qa1+ 35. Kd2 Qxb2+ 36. Ke1 Qc3+ 37. Kf2 Ra2+ 38. Kg3 Qc7+ 39. Qe5+ Qxe5+ 40. dxe5 Kg7 41. Rd8 Ba6 42. Rfxf8 Bc4 43. Rf2 Ra5 44. Rc8 Bg8 45. Kf4 Rb5 46. Rb2 Rb4+ 47. Kf3 Be6 48. Rc7 Bxg4+ 49. Kg3 Bxh5 50. Rxe7+ Kg6 51. Rf2 Kg5 52. Rf4 Rb6 53. Rg7+ Bg6 54. e4 b2 1-0

[Event "44th Chess Olympiad Open 2022"]
[Site "Chennai"]
[Date "2022.08.01"]
[Round "4.59"]
[White "Namale, Ben Nguku"]
[Black "Mansour, Sameer"]
[Result "1-0"]
[WhiteElo "1962"]
[BlackElo "2275"]
[Annotator "NA RC"]
[PlyCount "107"]
[EventDate "2022.??.??"]
[TimeControl "60"]

1. d4 Nf6 2. Bf4 g6 3. Nc3 Bg7 4. e4 d5 5. e5 Ne4 6. Nxe4 dxe4 7. Qd2 c5 8. Bb5+ Bd7 9. Bxd7+ Qxd7 10. O-O-O Nc6 11. dxc5 Qxd2+ 12. Rxd2 Nxe5 13. Re2 f5 14. f3 exf3 15. Nxf3 Nxf3 16. gxf3 Kf7 17. Be5 Bh6+ 18. Kb1 Rhd8 19. h4 Rd5 20. h5 g5 21. b4 a5 22. c4 Rd7 23. a3 axb4 24. axb4 Ra4 25. Bc3 Bg7 26. Bxg7 Kxg7 27. Rb2 e5 28. Kc2 Kf6 29. Kb3 Ra8 30. b5 e4 31. fxe4 f4 32. h6 Rg8 33.
Rh5 Kg6 34. Rxg5+ Kxg5 35. Rg2+ Kf6 36. Rxg8 Rf7 37. Kc3 f3 38. Rg1 Ke5 39. Kd3 Kf4 40. c6 bxc6 41. bxc6 Rf8 42. Kd4 Re8 43. Kd5 Re5+ 44. Kd6 Rxe4 45. c5 Rd4+ 46. Ke6 Re4+ 47. Kd5 Re5+ 48. Kc4 Rg5 49. Rf1 Rg8 50. Kb5 Ke3 51. c7 Ke2 52. Ra1 f2 53. Kb6 Ke3 54. Rf1 1-0

[Event "44th Chess Olympiad Open 2022"]
[Site "Chennai"]
[Date "2022.08.01"]
[Round "4.59"]
[White "Boshra, Alshaeby"]
[Black "Oluka Robert Mcligeyo"]
[Result "1/2-1/2"]
[WhiteElo "1854"]
[BlackElo "1823"]
[Annotator "NA RC"]
[PlyCount "60"]
[EventDate "2022.??.??"]
[TimeControl "60"]

1. Nf3 d5 2. g3 e6 3. Bg2 Nf6 4. O-O Be7 5. d3 b6 6. Nbd2 Bb7 7. e4 dxe4 8. Ng5 Nbd7 9. Re1 O-O 10. dxe4 Ne5 11. Qe2 a5 12. Nh3 Ba6 13. Qd1 Bb4 14. a3 Be7 15. f4 Nc4 16. Nxc4 Qxd1 17. Rxd1 Bxc4 18. Bf3 Bc5+ 19. Kg2 Rad8 20. Bd2 a4 21. Bb4 Bxb4 22. axb4 b5 23. Nf2 e5 24. f5 Nd7 25. Ra3 c5 26. bxc5 Nxc5 27. Rc3 Rfe8 28. Re3 Rf8 29. Rc3 Rfe8 30. Re3 Rf8 1/2-1/2

[Event "44th Chess Olympiad Open 2022"]
[Site "Chennai"]
[Date "2022.08.01"]
[Round "4.60"]
[White "Laohawirapap, Prin"]
[Black "Bobby Ballah"]
[Result "1-0"]
[WhiteElo "2230"]
[BlackElo "1916"]
[Annotator "NA RC"]
[PlyCount "51"]
[EventDate "2022.??.??"]
[TimeControl "60"]

1. e4 e5 2. Nf3 Nc6 3. d4 exd4 4. Nxd4 Qf6 5. Nf3 d6 6. Nc3 Bg4 7. Be2 Bxf3 8. Bxf3 O-O-O 9. Be3 Nge7 10. O-O Kb8 11. Qd2 h6 12. b4 g5 13. b5 Ne5 14. Be2 g4 15. a4 Rg8 16. Kh1 Qh4 17. a5 Nf3 18.
gxf3 gxf3 19. Bxf3 Qh3 20. Qe2 Bg7 21. Bg2 Qh4 22. Ra3 f5 23.
exf5 Be5 24. f4 Nxf5 25. Bf2 Qe7 26. fxe5 1-0

[Event "44th Chess Olympiad Open 2022"]
[Site "Chennai"]
[Date "2022.08.01"]
[Round "4.60"]
[White "Jingjang, Shin"]
[Black "Joel O. Ebiekuta"]
[Result "1-0"]
[WhiteElo "1956"]
[BlackElo "1848"]
[Annotator "NA RC"]
[PlyCount "103"]
[EventDate "2022.??.??"]
[TimeControl "60"]

1. d4 e6 2. Nf3 d5 3. Bf4 c5 4. c3 Nf6 5. e3 Nc6 6. Nbd2 Bd6 7. Bg3 a6 8. Bd3 h6 9. O-O O-O 10. Ne5 c4 11. Bc2 Qc7 12. f4 Ne7 13. Bf2 Ne8 14. Qh5 f5 15.
Kh1 Nf6 16. Qh3 b5 17. Rg1 h5 18. Qf3 Bd7 19. Bh4 Be8 20. h3 Ng6 21. Bxf6 Rxf6 22. Nf1 Nf8 23. Ng3 Rh6 24. Nxf5 Rf6 25. Nxd6 Qxd6 26. Raf1 Ra7 27. Qg3 a5 28. f5 exf5 29. Rxf5 Rxf5 30. Bxf5 Rf7 31. Qg5 Rf6 32. Rf1 g6 33. Rf3 Kg7 34. Bc2 Rxf3 35. Nxf3 Nd7 36. Nh4 Qe6 37. Bf5 Qf6 38. Qxf6+ Nxf6 39. Bc2 b4 40. Nf3 bxc3 41. bxc3 Kf8 42. Ne5 g5 43. Kg1 Kg7 44. Kf2 Bd7 45. e4 Be6 46. Ke3 Bc8 47. Nc6 dxe4 48. Bxe4 a4 49. d5 Nxe4 50. Kxe4 Kf6 51. Kd4 Bf5 52. Ne5 1-0

[Event "44th Chess Olympiad Open 2022"]
[Site "Chennai"]
[Date "2022.08.01"]
[Round "4.60"]
[White "Barcon, Harmon"]
[Black "Kulpruethanon, Thanadon"]
[Result "0-1"]
[WhiteElo "1902"]
[BlackElo "2294"]
[Annotator "NA"]
[PlyCount "70"]
[EventDate "2022.??.??"]
[TimeControl "60"]

1. e4 e5 2. Nf3 Nc6 3. Bc4 Bc5 4. O-O Nf6 5. d3 d6 6. h3 h6 7. c3 Bb6 8. Na3 g5 9. Nh2 g4 10. hxg4 Rg8 11. Qf3 Qe7 12. Be3 Nxg4 13. Bxb6 axb6 14. Nb5 Nxh2 15. Kxh2 Bg4 16. Qe3 Qh4+ 17. Kg1 O-O-O 18. Rfe1 Rg7 19. d4 Rdg8 20. Qg3 Qf6 21. Bf1 Bf3 22. Qh3+ Kb8 23. g3 Bg4 24. Qg2 h5 25. Be2 h4 26. Bxg4 Rxg4 27. Re3 exd4 28. cxd4 Nxd4 29. Nc3 hxg3 30. f4 Qh8 31. Rf1 Rh4 32. Rxg3 Rxg3 33. Qxg3 Qh5 34. Qe3 Qg4+ 35. Kf2 Rh2+ 0-1

[Event "44th Chess Olympiad Open 2022"]
[Site "Chennai"]
[Date "2022.08.01"]
[Round "4.60"]
[White "Daniel Kolliemelen"]
[Black "Arunnuntapanich, Tinnakrit"]
[Result "0-1"]
[WhiteElo "1870"]
[BlackElo "2117"]
[Annotator "NA RC"]
[PlyCount "122"]
[EventDate "2022.??.??"]
[TimeControl "60"]

1. d4 Nf6 2. f4 d5 3. e3 Bf5 4. Bd3 e6 5. Nf3 Be7 6. O-O O-O 7. c3 Bxd3 8.
Qxd3 c5 9. Nbd2 Nc6 10. Ne5 Qc7 11. Rf3 Rab8 12. a4 Rfd8 13.
Rh3 g6 14. Rf3 a6 15. h3 b5 16. Rf1 Qb6 17. Kh2 b4 18. g4 Kg7 19. Rg1 Ne8 20. g5 Nd6 21. Kg2 Nf5 22. Rh1 Nxe5 23. fxe5 Bxg5 24. Nf3 Be7 25. Bd2 c4 26. Qc2 bxc3 27. bxc3 Qb2 28. Ra2 Qxc2 29. Rxc2 Rb3 30. Ra1 Rdb8 31. Raa2 Rb1 32. Bc1 f6 33. exf6+ Bxf6 34. Kh2 Nd6 35. Kg2 Ne4 36. Nd2 Nxd2 37. Bxd2 h5 38. Rc1 g5 39. a5 Kg6 40. Kf3 Kf5 41. Rcc2 g4+ 42. hxg4+ hxg4+ 43. Kg2 Ke4 44. Bc1 Bh4 45. Ra4 Be1 46. Raa2 R8b3 47. Ba3 Rxc3 48. Rxc3 Bxc3 49. Rf2 Kxe3 50. Rf6 Bb4 51. Rxe6+ Kxd4 52. Rb6 Bxa3 53. Rxb1 c3 54. Rb3 c2 55. Rxa3 c1=Q 56. Ra4+ Ke3 57. Rxg4 Qc2+ 58. Kg3 Qf2+ 59. Kh3 Qf3+ 60. Kh4 Qxg4+ 61. Kxg4 d4 0-1

[Event "44th Chess Olympiad Open 2022"]
[Site "Chennai"]
[Date "2022.08.01"]
[Round "4.61"]
[White "Tagelsir, Abubaker"]
[Black "Pereira, Sergio Murilo de Ar"]
[Result "1-0"]
[WhiteElo "2232"]
[BlackElo "2093"]
[Annotator "NA RC"]
[PlyCount "73"]
[EventDate "2022.??.??"]
[TimeControl "60"]

1. Nf3 d5 2. g3 Nf6 3. Bg2 c5 4. O-O e6 5. d3 Nc6 6. Nbd2 Be7 7. e4 O-O 8. e5 Nd7 9. Re1 h6 10. Nf1 b5 11. h4 a5 12. N1h2 f5 13.
exf6 Nxf6 14. Qe2 Bd6 15. c4 Rb8 16. b3 Bd7 17. Bb2 bxc4 18.
dxc4 a4 19. Qd1 d4 20. Nd2 Ne5 21. Qe2 Qc7 22. Bh3 Rbe8 23. Rad1 axb3 24. axb3 Qb7 25. Bc1 Re7 26. f4 Nf7 27. Ng4 Nxg4 28. Qxg4 e5 29. f5 e4 30. Nxe4 Qxb3 31. Nf6+ Kh8 32. Rxe7 Bxf5 33. Qxf5 Qxd1+ 34. Bf1 gxf6 35. Qxf6+ Kg8 36. Qg6+ Kh8 37. Rxf7 1-0

[Event "44th Chess Olympiad Open 2022"]
[Site "Chennai"]
[Date "2022.08.01"]
[Round "4.61"]
[White "Hamid Mohammed"]
[Black "Espirito Santo, Waldyr"]
[Result "1-0"]
[WhiteElo "2116"]
[BlackElo "1922"]
[Annotator "NA RC"]
[PlyCount "83"]
[EventDate "2022.??.??"]
[TimeControl "60"]

1. d4 Nf6 2. Nf3 g6 3. Bf4 Bg7 4. e3 O-O 5. h3 d6 6. c4 Nbd7 7. Nc3 b6 8. Be2 Bb7 9. O-O Ne4 10. a4 Nxc3 11. bxc3 a5 12. Qc2 Qe8 13. Rfd1 e5 14. Bg3 f5 15. Re1 Be4 16. Qb3 Bxf3 17. Bxf3 e4 18. Be2 Kh8 19. Qb5 Qe7 20. Qc6 Ra7 21. Rad1 Nb8 22. Qb5 Nd7 23. Kh1 g5 24. f4 Bh6 25. Rf1 gxf4 26. Bxf4 Bg7 27. Rf2 Raa8 28. Qc6 Ra7 29. Rdf1 Nb8 30. Qb5 Nd7 31. Bg3 Raa8 32. Rxf5 Rxf5 33. Rxf5 Rf8 34. Bg4 Rxf5 35. Qxf5 Nf8 36. Bf4 Qe8 37. Bd1 Ng6 38. Bg5 c5 39. Bc2 cxd4 40. cxd4 Nf8 41. Bxe4 Qxa4 42. Be7 1-0

[Event "44th Chess Olympiad Open 2022"]
[Site "Chennai"]
[Date "2022.08.01"]
[Round "4.61"]
[White "Lima, Osvaldo Dos Santos"]
[Black "Hassan, Tarek Ahmed"]
[Result "0-1"]
[WhiteElo "1863"]
[BlackElo "2209"]
[Annotator "NA RC"]
[PlyCount "68"]
[EventDate "2022.??.??"]
[TimeControl "60"]

1. c4 b6 2. d4 e6 3. Nc3 Bb7 4. Nf3 Nf6 5. g3 Be7 6. Bg2 O-O 7. O-O d5 8. cxd5 Nxd5 9. Nxd5 Bxd5 10. Qc2 Nd7 11. e4 Bb7 12. Be3 c5 13.
Rfd1 cxd4 14. Rxd4 Bc5 15. Rd2 Bxe3 16. fxe3 Rc8 17. Qd1 Rc7 18. Ne5 Bc8 19. Rc1 Rxc1 20. Qxc1 Qg5 21. Rxd7 Bxd7 22. Nxd7 Rd8 23. h4 Qxg3 24. e5 h5 25. Qc7 Qxe3+ 26. Kh2 Qf4+ 27. Kg1 Qd4+ 28. Kh2 Qxd7 29. Qc3 Qd4 30. Qg3 Qg4 31. b3 Qxg3+ 32. Kxg3 Rd2 33. b4 Rxa2 34. Bc6 a5 0-1

[Event "44th Chess Olympiad Open 2022"]
[Site "Chennai"]
[Date "2022.08.01"]
[Round "4.61"]
[White "Alegre, Fabio Costa"]
[Black "Abdelazeez, Mohamed Abdalla"]
[Result "0-1"]
[WhiteElo "1809"]
[BlackElo "2182"]
[Annotator "NA RC"]
[PlyCount "40"]
[EventDate "2022.??.??"]
[TimeControl "60"]

1. e4 e5 2. Nf3 Nc6 3. Bb5 f5 4. d4 Nf6 5. O-O fxe4 6. Nxe5 Bd6 7. Bf4 Qe7 8. Nc3 O-O 9. Bc4+ Kh8 10. Nxc6 dxc6 11. Bg5 Be6 12. Bxe6 Qxe6 13. Re1 Ng4 14. f4 Bxf4 15. Bxf4 Rxf4 16. Ne2 Qh6 17. h3 Nf2 18. Qd2 Nxh3+ 19. gxh3 Rg4+ 20. hxg4 Qxd2 0-1